 Dungeon Crawl Stone Soup version 0.29-a0-416-g83a48905f1 (webtiles) character file.

Game seed: 5169161357716237216

165 trckry the Grave Robber (level 5, -5/35 HPs)
             Began as a Mummy Necromancer on May 17, 2022.
             Shot with a bolt by a kobold brigand (6 damage)
             ... in a sewer.
             The game lasted 00:11:38 (3171 turns).

trckry the Grave Robber (Mummy Necromancer)         Turns: 3171, Time: 00:11:39

Health: -5/35      AC:  3    Str: 11    XL:     5   Next: 22%
Magic:  0/9        EV: 12    Int: 17    God:
Gold:   69         SH:  0    Dex: 12    Spells: 5/9 levels left

rFire   x . .      SeeInvis .   a - +2 quarterstaff (chaos)
rCold   + . .      Faith    .   (shield currently unavailable)
rNeg    + + +      Spirit   .   j - +0 robe
rPois   ∞          Reflect  .   (no helmet)
rElec   .          Harm     .   d - +0 cloak
rCorr   .          Rampage  .   (no gloves)
Will    .....                   (no boots)
Stlth   +.........              (no amulet)
HPRegen 0.11/turn               (no ring)
MPRegen 0.11/turn               (no ring)

@: very slow
A: cold resistance 1, negative energy resistance 3, torment resistance 2, heat
vulnerability 1, in touch with death 1, no potions
a: no special abilities


You were in a sewer.
You visited 1 branch of the dungeon, and saw 3 of its levels.
You also visited: Sewer.

You collected 69 gold pieces.

Inventory:

Hand Weapons
 a - a +2 quarterstaff of chaos (weapon)
 b - a +1 dagger of electrocution
Missiles
 l - 6 poisoned darts
Armour
 d - a +0 cloak (worn)
 j - a +0 robe (worn)
 m - a +0 cloak
Magical Staves
 k - a staff of cold
Scrolls
 c - a scroll of magic mapping
 e - 2 scrolls of identify {unknown}
 f - a scroll of fog {unknown}
 g - a scroll of immolation
 h - a scroll of enchant weapon {unknown}
 i - a scroll of noise {unknown}


   Skills:
 - Level 1.5 Dodging
 - Level 1.5 Stealth
 - Level 2.6 Spellcasting
 * Level 5.7 Necromancy
 * Level 2.3 Ice Magic


You had 5 spell levels left.
You knew the following spells:

 Your Spells              Type           Power      Damage    Failure   Level
a - Pain                  Necr           100%       1d9       1%          1
b - Vampiric Draining     Necr           32%        2d8       4%          3

Your spell library contained the following spells:

 Spells                   Type           Power      Damage    Failure   Level
 Animate Skeleton         Necr           64%        N/A       1%          1
 Animate Dead             Necr           16%        N/A       17%         4
 Ozocubu's Armour         Ice            10%        N/A       22%         3
 Agony                    Necr           32%        N/A       43%         5
 Ozocubu's Refrigeration  Ice            5%         4d6       100%        7


Dungeon Overview and Level Annotations

Branches:
Dungeon (3/15)              Sewer (1/1)

Altars:

Annotations:
D:2 Terence


Innate Abilities, Weirdness & Mutations

You are immune to poison.
Your flesh is cold resistant. (rC+)
You are immune to negative energy. (rN+++)
You are immune to unholy pain and torment.
You are vulnerable to heat. (rF-)
You are in touch with the powers of death.
You do not drink.


Message History

The kobold misses you.
The kobold hits the plant with a +0 short sword.
The plant begins to die.
You take 5 damage, and have 3/35 hp.
Casting: Vampiric Draining (dangerous; 4% risk of failure)
Confirm with . or Enter, or press ? or * to list all spells.
Aiming: Vampiric Draining (dangerous; 4% risk of failure)
Press: ? - help, Shift-Dir - straight line, f/p - kobold brigand
Aim: a kobold brigand, wielding a +0 club (moderately wounded)
You feel a surge of power!
You draw life force from the kobold brigand.
You feel life coursing into your body.
The kobold brigand splashes around in the water.
The kobold hits you with a +0 short sword.
* * * LOW HITPOINT WARNING * * *
The kobold hits the plant with a +0 short sword.
You now have 0/9 mp.
You aren't carrying any items that you can evoke.
As you read the scroll labelled ACRUIS DEITUR, it crumbles to dust.
The creatures around you are filled with an inner flame!
It was a scroll of immolation.
The kobold splashes around in the water.
As you read the scroll labelled DAIGIT EPAENYGG, it crumbles to dust.
You feel aware of your surroundings.
You sensed 1 shop/portal.
It was a scroll of magic mapping.
The kobold hits you with a +0 short sword.
* * * LOW HITPOINT WARNING * * *
The kobold hits the plant with a +0 short sword.
You take 3 damage, and have 1/35 hp.
The kobold brigand attacks as you move away!
The kobold brigand misses you.
The kobold brigand unwields a +0 club.
The kobold brigand wields a +0 hand crossbow.
The kobold brigand shoots a bolt.
The bolt misses you.
The kobold throws a stone.
The stone barely misses you.
The kobold hits the plant with a +0 short sword.
You enter the shallow water.
Moving in this stuff is going to be slow.
A nearby plant withers and dies.
The kobold brigand shoots a bolt.
The bolt hits you.
You die...

** #*** ,*###..#####
,P.....#...#
,......#...##########
,...........##....P.######
,..................K#..!.#
,....≈≈P≈...†...@.≈KKK...#
,≈≈≈≈≈≈≈≈P≈≈≈...≈≈≈K'..∩!#
,≈≈≈≈≈≈≈≈≈P≈P...≈≈P≈#!...#
*####≈≈≈≈##########≈######
≈≈≈≈≈≈≈≈≈≈≈≈≈≈≈≈≈≈≈≈≈≈*
≈≈≈≈≈≈≈≈≈≈≈≈≈≈≈≈≈≈≈≈≈≈#
≈≈≈≈≈≈≈≈≈≈≈≈≈≈≈≈≈≈≈≈≈≈#
#≈#≈#######≈##############
≈≈P≈≈P.PP≈P≈≈P≈P.≈≈≈#....#


You could see a kobold brigand (inner flame) and 4 kobolds.

Vanquished Creatures
  A kobold brigand (Sewer)
  Crazy Yiuf (D:2)
  Robin (D:2)
  A river rat (D:3)
  A worm (D:3)
  4 ball pythons
  2 endoplasms
  3 giant cockroaches
  13 goblins
  A hobgoblin (D:1)
  2 quokkas (D:3)
  3 bats
  6 frilled lizards
  9 kobolds
  A rat (D:2)
49 creatures vanquished.

Vanquished Creatures (others)
  2 plants (Sewer)
2 creatures vanquished.

Grand Total: 51 creatures vanquished

Notes
Turn   | Place    | Note
-------+----------+-------------------------------------------
     0 | D:1      | trckry the Mummy Necromancer began the quest for the Orb.
     0 | D:1      | Reached XP level 1. HP: 13/13 MP: 4/4
    61 | D:1      | Found a faded altar of an unknown god.
   549 | D:1      | Reached XP level 2. HP: 19/19 MP: 5/5
   965 | D:2      | Noticed Robin
  1204 | D:2      | Noticed Terence
  2110 | D:2      | Killed Robin
  2111 | D:2      | Reached skill level 1 in Ice Magic
  2111 | D:2      | Gained mutation: You are in touch with the powers of death.
                  | [Mummy growth]
  2111 | D:2      | Reached XP level 3. HP: 5/24 MP: 5/7
  2247 | D:2      | Learned a level 3 spell: Vampiric Draining
  2587 | D:2      | Found a runed translucent door.
  2588 | D:2      | Noticed Crazy Yiuf
  2766 | D:2      | Killed Crazy Yiuf
  2767 | D:2      | Reached skill level 5 in Necromancy
  2767 | D:2      | Reached XP level 4. HP: 30/30 MP: 0/8
  2930 | D:3      | Found a glowing drain.
  2946 | Sewer    | Entered a sewer
  3051 | Sewer    | Noticed a kobold brigand
  3058 | Sewer    | Killed a kobold brigand
  3059 | Sewer    | Reached XP level 5. HP: 30/35 MP: 1/9
  3166 | Sewer    | HP: 3/35 [kobold brigand/+0 club (5)]
  3169 | Sewer    | HP: 1/35 [kobold/+0 short sword (3)]
  3171 | Sewer    | Shot with a bolt by a kobold brigand

Illustrated notes

Levels and vault maps discovered:
D:1:      nagdon_arrival_double_spiral, layout_loops_ring,
          ebering_ecumenical_altar_webs
D:2:      layout_loops_corners, uniq_crazy_yiuf_cottage, uniq_terence,
          uniq_robin
D:3:      layout_loops_corners, minmay_overflow_temple_star_quad,
          mainiacjoe_overflow_surrounded_room, gup_sewer_entry_bubbles,
          nicolae_concentric_dashed_squares_mild, uniq_grinder
Sewer:    kennysheep_pipe_town

Skill      XL: |  1  2  3  4 |
---------------+-------------+-----
Ice Magic      | 1 2 |  2.3
Necromancy     | 5 |  5.7
Dodging        | |  1.5
Stealth        | |  1.5
Spellcasting   | |  2.6

Action                   |  1- 3 |  4- 6 || total
-------------------------+-------+-------++-------
Melee: Spear             |    41 |       ||    41
       Dagger            |     6 |     4 ||    10
       Quarterstaff      |       |    28 ||    28
 Cast: Pain              |    30 |    14 ||    44
       Vampiric Draining |     2 |     5 ||     7
  Use: Scroll            |       |     2 ||     2
 Stab: Sleeping          |     5 |       ||     5
Armor: Robe              |    12 |    11 ||    23
Dodge: Dodged            |    27 |    29 ||    56

Table legend: (Time is in decaauts)
 A = Elapsed time spent in this place.
 B = Non-inter-level travel time spent in this place.
 C = Inter-level travel time spent in this place.
 D = Time resting spent in this place.
 E = Time spent auto-exploring this place.
 F = Levels seen in this place.
 G = Mean time per level.
                   A        B        C        D        E       F      G
               +--------+--------+--------+--------+--------+-----+--------+
         Total |   3214 |   3011 |    203 |    524 |   1703 |   4 |  803.5 |
       Dungeon |   2967 |   2764 |    203 |    519 |   1572 |   3 |  989.0 |
         Sewer |    246 |    246 |      0 |      5 |    131 |   1 |  246.0 |
               +--------+--------+--------+--------+--------+-----+--------+

Top non-repeatable levels by time:
     D:2: 1696 daAuts
     D:1: 1166 daAuts
   Sewer: 246 daAuts
     D:3: 104 daAuts
